 Dungeon Crawl Stone Soup version 0.19.1 (webtiles) character file.

81 Firecrotchwizard the Skirmisher (level 4, 0/41 HPs)
             Began as a Hill Orc Fighter on Nov 27, 2016.
             Killed from afar by Robin (1 damage)
             ... with a wand of flame
             ... on level 2 of the Dungeon.
             The game lasted 00:03:01 (1326 turns).

Firecrotchwizard the Skirmisher (Hill Orc Fighter)  Turns: 1326, Time: 00:03:01

Health: 0/41       AC:  8    Str: 18    XL:     4   Next: 40%
Magic:  4/4        EV:  7    Int:  8    God:
Gold:   138        SH:  9    Dex: 11    Spells: 0 memorised, 3 levels left

rFire  . . .     SeeInvis .     a - +0 flail
rCold  . . .     Gourm    .     b - +0 scale mail
rNeg   . . .     Faith    .     c - +0 shield
rPois  .         Spirit   .     (no helmet)
rElec  .         Reflect  .     (no cloak)
rCorr  .         Harm     .     e - +0 pair of gloves
MR     .....                    (no boots)
Stlth  ..........               (no amulet)
                                (no ring)
                                (no ring)

@: no status effects
A: no striking features
a: no special abilities


You were on level 2 of the Dungeon.
You were not hungry.

You visited 1 branch of the dungeon, and saw 2 of its levels.

You collected 138 gold pieces.

Inventory:

Hand Weapons
 a - a +0 flail (weapon)
Missiles
 m - 6 silver tomahawks (quivered)
Armour
 b - a +0 scale mail (worn)
 c - a +0 shield (worn)
 e - a +0 pair of gloves (worn)
Scrolls
 g - a scroll of identify {unknown}
 k - 3 scrolls of remove curse {unknown}
 n - a scroll of recharging {unknown}
 o - a scroll of fog {unknown}
Potions
 d - 2 potions of might
 h - a potion of heal wounds {unknown}
 i - a potion of mutation {unknown}
 l - a potion of haste {unknown}
Comestibles
 f - 2 bread rations


   Skills:
 * Level 4.7 Fighting
 * Level 3.2 Maces & Flails
 + Level 3.7 Armour
 + Level 3.7 Shields


You had 3 spell levels left.
You didn't know any spells.

Dungeon Overview and Level Annotations

Branches:
Dungeon (2/15)

Altars:
Dithmenos
Yredelemnul

Annotations:
D:2 Robin


Message History

You block the goblin's attack. You block Robin's attack. The goblin hits you.
* * * LOW HITPOINT WARNING * * *
You hit Robin but do no damage.
Robin is moderately wounded.
You block Robin's attack. The goblin hits you but does no damage.
Robin hits you with a mace.
* * * LOW HITPOINT WARNING * * *
Your shield and scale mail prevent you from hitting Robin.
Robin is moderately wounded.
You block the goblin's attack. You block Robin's attack.
The goblin hits you but does no damage.
You hit the goblin.
You kill the goblin!
Robin zaps a wand.
The puff of flame hits you!
* * * LOW HITPOINT WARNING * * *
It is a wand of flame.
You hit Robin.
Robin is heavily wounded.
Robin zaps a wand.
The puff of flame hits you!
You die...

##
#[..†..#
#....#
##..)....#
#.††...#
#....#
#.########
#......#
♣....♣ #.#
#......#
♣)..♣♣ #.#
#......#
♣♣)♣♣ #)#
#......#
♣)♣♣ #.#
#......#
♣♣)♣ #.#
########
♣)♣♣ ###
♣♣@♣ #g#
))) #)))#
#).)#
#####


You could see Robin.

Vanquished Creatures
  Crazy Yiuf (D:2)
  2 leopard geckos
  2 giant cockroaches (D:1)
  6 goblins
  8 hobgoblins
  5 jackals
  2 quokkas (D:2)
  7 bats (D:1)
  3 frilled lizards (D:2)
  4 kobolds
  7 rats
47 creatures vanquished.

Notes
Turn   | Place    | Note
-------+----------+-------------------------------------------
     0 | D:1      | Firecrotchwizard the Hill Orc Fighter began the quest for the Orb.
     0 | D:1      | Reached XP level 1. HP: 19/19 MP: 1/1
   154 | D:1      | Reached XP level 2. HP: 27/27 MP: 2/2
   368 | D:1      | Reached skill level 4 in Fighting
   507 | D:1      | Reached XP level 3. HP: 27/33 MP: 3/3
   939 | D:2      | Found a basalt altar of Yredelemnul.
  1026 | D:2      | Found a shadowy altar of Dithmenos.
  1218 | D:2      | Found a runed door.
  1289 | D:2      | Noticed Crazy Yiuf
  1289 | D:2      | Noticed Robin
  1318 | D:2      | Killed Crazy Yiuf
  1318 | D:2      | Reached XP level 4. HP: 8/41 MP: 4/4
  1325 | D:2      | HP: 1/41 [Robin/wand of flame (5)]
  1326 | D:2      | Killed from afar by Robin

Skill      XL: |  1  2  3 |
---------------+----------+-----
Fighting       | 4 |  4.7
Maces & Flails | 3 |  3.2
Armour         | |  3.7
Shields        | |  3.7

Action                   |  1- 3 |  4- 6 || total
-------------------------+-------+-------++-------
Melee: Flail             |   167 |     8 ||   175
  Eat: Royal jelly       |     1 |       ||     1
       Chunk             |     1 |       ||     1
Armor: Scale mail        |   107 |     5 ||   112
Dodge: Dodged            |    74 |     1 ||    75
Block: Shield            |   103 |     9 ||   112
